 Dungeon Crawl Stone Soup version 0.19.1-1-g22dce08 (webtiles) character file.

245 Dolanko the Slasher (level 5, -6/41 HPs)
             Began as a Draconian Gladiator on Jan 9, 2017.
             Killed by nerve-wracking pain
             ... invoked by an orc priest
              (12 damage)
             ... on level 3 of the Dungeon.
             The game lasted 00:04:14 (2280 turns).

Dolanko the Slasher (Draconian Gladiator)           Turns: 2280, Time: 00:04:14

Health: -6/41      AC:  7    Str: 17    XL:     5   Next: 84%
Magic:  5/5        EV: 17    Int:  9    God:
Gold:   144        SH:  0    Dex: 12    Spells: 0 memorised, 4 levels left

rFire  . . .     SeeInvis .     a - +0 long sword
rCold  . . .     Gourm    .     (armour unavailable)
rNeg   . . .     Faith    .     (no shield)
rPois  .         Spirit   .     b - +2 hat
rElec  .         Reflect  .     (no cloak)
rCorr  .         Harm     .     (no gloves)
MR     .....                    (no boots)
Stlth  +.........               (no amulet)
                                (no ring)
                                z - +3 ring of evasion

@: no status effects
A: unfitting armour, cold-blooded, AC +5
a: no special abilities


You were on level 3 of the Dungeon.
You were not hungry.

You visited 1 branch of the dungeon, and saw 3 of its levels.

You collected 144 gold pieces.

Inventory:

Hand Weapons
 a - a +0 long sword (weapon)
Missiles
 c - 3 throwing nets (quivered)
 y - 2 tomahawks of dispersal
Armour
 b - a +2 hat (worn)
Jewellery
 z - a +3 ring of evasion (left hand)
Scrolls
 e - a scroll of enchant armour
 i - 2 scrolls of teleportation {unknown}
 j - a scroll of blinking {unknown}
 k - 2 scrolls of identify {unknown}
 n - a scroll of recharging {unknown}
 p - a scroll of remove curse
 r - a scroll of immolation {unknown}
 t - a scroll of magic mapping
 v - a scroll of fear {unknown}
 w - a scroll of noise {unknown}
 A - 2 scrolls of amnesia {unknown}
Potions
 f - a potion of brilliance
 h - a potion of lignification {unknown}
 l - 4 potions of agility
 m - a potion of heal wounds {unknown}
 s - a potion of resistance
 x - a potion of berserk rage {unknown}
Comestibles
 d - 3 bread rations
 g - 4 fruits
 o - 2 slices of pizza
 q - 4 chunks of flesh


   Skills:
 - Level 2.1 Fighting
 + Level 5.2 Long Blades
 - Level 1.7 Throwing
 + Level 4.5 Dodging


You had 4 spell levels left.
You didn't know any spells.

Dungeon Overview and Level Annotations

Branches:
Dungeon (3/15)

Altars:
Sif Muna


Innate Abilities, Weirdness & Mutations

Your plain brown scales are hard. (AC +5)
You cannot fit into any form of body armour.
You are cold-blooded and may be slowed by cold attacks.


Message History

The orc priest is moderately wounded.
The orc priest closely misses you.
You riposte.
You hit the orc priest but do no damage.
The orc priest is moderately wounded.
The orc barely misses you.
You hit the orc priest but do no damage.
The orc priest is moderately wounded.
The orc priest misses you. The orc hits you with a club.
* * * LOW HITPOINT WARNING * * *
Unknown command.
You feel better. The orc priest barely misses you.
You riposte.
You barely miss the orc priest.
The orc priest is moderately wounded.
The orc hits you with a club.
* * * LOW HITPOINT WARNING * * *
You hit the orc priest.
The orc priest is severely wounded.
The orc priest calls down the wrath of Beogh upon you.
Pain shoots through your body!
You die...

,,*#,**,....,,..#.#,*,**#.#.# #.
,,*#.***#..,,,....,,,** #.#.####.
..##.#* #.#***#..#*,** #...).##.
o.o...###.# #..#*** #.#.#.##.
,,,,#..o..#####..########.#.†)...
#..g..##.#.o).................(..
#..#.#*##.#####..########......##
#.,#.* #.# #ooo..........#.##
*,,#,* #.######@##########.#.#
,,,,,* ##....).[.# #.#.#
#,,***##...####### #...###
#..####.....# ###....
............# ##### #.###
######......# #...########.# *
#.#...## #............# * #.#####
#...########## # #)# ##.##


You could see an orc priest and 2 orcs.

Vanquished Creatures
  The ghost of kwasso the Sneak, an amateur OpAs (D:3)
  An orc wizard (D:3)
  3 adders (D:2)
  3 gnolls (D:3)
  4 worms
  A dart slug (D:1)
  4 leopard geckos
  5 orcs (D:3)
  3 giant cockroaches
  10 hobgoblins
  A quokka (D:2)
  2 bats
  3 frilled lizards
  8 goblins
  6 kobolds
  13 rats
68 creatures vanquished.

Notes
Turn   | Place    | Note
-------+----------+-------------------------------------------
     0 | D:1      | Dolanko the Draconian Gladiator began the quest for the Orb.
     0 | D:1      | Reached XP level 1. HP: 17/17 MP: 1/1
   238 | D:1      | Reached XP level 2. HP: 24/24 MP: 2/2
   636 | D:2      | Reached XP level 3. HP: 28/29 MP: 3/3
   661 | D:2      | Found a deep blue altar of Sif Muna.
   943 | D:2      | Reached skill level 4 in Long Blades
  1199 | D:2      | Reached XP level 4. HP: 33/36 MP: 4/4
  1472 | D:3      | Noticed kwasso's ghost (amateur OpAs)
  1492 | D:3      | Killed kwasso's ghost
  1492 | D:3      | Reached XP level 5. HP: 17/41 MP: 5/5
  2064 | D:3      | Reached skill level 5 in Long Blades
  2280 | D:3      | Killed from afar by an orc priest

Skill      XL: |  1  2  3  4  5 |
---------------+----------------+-----
Dodging        | 3 4 |  4.5
Long Blades    | 4 5 |  5.2
Fighting       | |  2.1
Throwing       | |  1.7

Action                   |  1- 3 |  4- 6 || total
-------------------------+-------+-------++-------
Melee: Long sword        |    93 |    96 ||   189
       Tailslap          |    15 |    11 ||    26
Throw: Throwing net      |       |     1 ||     1
  Use: Potion            |       |     5 ||     5
       Scroll            |       |     4 ||     4
 Stab: Sleeping          |     1 |       ||     1
  Eat: Chunk             |     1 |     4 ||     5
Armor: Skin              |    21 |    17 ||    38
Dodge: Dodged            |    59 |    90 ||   149
       Rpst.: Long sword |    17 |    29 ||    46
